 Dungeon Crawl Stone Soup version 0.30-b1-2-g02819fbbbe (webtiles) character file.

Game seed: 8611189285473674801

28 Alarkh the Slasher (level 3, 27/27 HPs)
             Began as a Demonspawn Warper on May 22, 2023.
             Got out of the dungeon alive.
             The game lasted 00:01:06 (1118 turns).

Alarkh the Slasher (Demonspawn Warper)              Turns: 1118, Time: 00:01:06

Health: 27/27      AC:  4    Str: 11    XL:     3   Next: 0%
Magic:  6/6        EV: 11    Int: 22    God:
Gold:   120        SH:  4    Dex: 12    Spells: 4/6 levels left

rFire   . . .        a - +0 falchion
rCold   . . .        (no shield)
rNeg    . . .        b - +0 leather armour
rPois   .            (no helmet)
rElec   .            (no cloak)
rCorr   .            f - +0 pair of gloves
SInv    .            (no boots)
Will    .....        (no amulet)
Stlth   +            g - +6 ring of intelligence
HPRegen 0.24/turn    (no ring)
MPRegen 0.10/turn

%: no passive effects
@: no status effects
A: large bone plates 1, weakness stinger 1
a: no special abilities


You escaped.
You visited 1 branch of the dungeon, and saw 2 of its levels.

You collected 120 gold pieces.

Inventory:

Hand Weapons
 a - a +0 falchion (weapon)
Missiles
 d - 7 boomerangs of dispersal (quivered)
Armour
 b - a +0 leather armour (worn)
 f - a +0 pair of gloves (worn)
Jewellery
 g - a +6 ring of intelligence (left hand)
Scrolls
 c - 2 scrolls of blinking
 e - a scroll of magic mapping {unknown}
 h - a scroll of identify {unknown}


   Skills:
 - Level 2.0 Fighting
 * Level 3.2 Long Blades
 - Level 0.8 Throwing
 - Level 0.8 Armour
 - Level 1.7 Dodging
 - Level 2.0 Spellcasting
 - Level 2.6 Translocations


You had 4 spell levels left.
You knew the following spells:

 Your Spells              Type           Power      Damage    Failure   Level
a - Blink                 Tloc           28%        N/A       9%          2

Your spell library contained the following spells:

 Spells                   Type           Power      Damage    Failure   Level
 Lesser Beckoning         Tloc           28%        N/A       9%          2
 Teleport Other           Tloc           14%        N/A       19%         3
 Vhi's Electric Charge    Tloc/Air       16%        N/A       30%         3
 Manifold Assault         Tloc           14%        N/A       52%         4


Dungeon Overview and Level Annotations

Branches:
Dungeon (2/15)

Altars:


Innate Abilities, Weirdness & Mutations

You are partially covered in large bone plates. (SH +4)
You have a small tail.


Message History

No target in view!
No target in view!
No target in view!
No target in view!
No target in view!
No target in view!
No target in view!
HP restored.
You now have 120 gold pieces (gained 18).
Found 3 javelins.
h - a scroll labelled FUWATATAUT A hobgoblin comes into view.
The hobgoblin shouts!
Found a stone staircase leading down.
The hobgoblin closely misses you.
You hit the hobgoblin but do no damage. The hobgoblin closely misses you.
You barely miss the hobgoblin. The hobgoblin closely misses you.
You hit the hobgoblin.
The hobgoblin is heavily wounded.
The hobgoblin hits you.
The hobgoblin hits you but does no damage.
You hit the hobgoblin.
You kill the hobgoblin!
You have reached level 3!
Your experience leads to an increase in your attributes!
Your base attributes are Str 11, Int 14, Dex 12.
Increase (S)trength, (I)ntelligence, or (D)exterity?
You feel clever. x2; Your demonic ancestry asserts itself...
Large bone plates grow over parts of your arms.
You see here a rat corpse.
Things that are here:
a giant cockroach corpse; a quokka corpse
There is a stone staircase leading up here.
You climb upwards.
There is a stone staircase leading down here.
You see here 7 stones.
You see here a +0 hand axe.
There is a staircase leading out of the dungeon here.
Are you sure you want to leave the Dungeon?
This will make you lose the game!
You have escaped!

##..## #.........####....#.#
#####.^## ##.......## #..#..#.#
#..##8.8# #...#...# ##.####.#
#..###.## ##..#)..## ##..# #.#
#.###..# #..#....(# #...## #.#
......## #####..### #.#..# #.#
.###### ####.(.# #.#..# #.# .#
#.#....# ##.#.###.. .# #...@.##
##.#...#.# #### ##....#
#.###.#..# ...### ###..## ##.#
#....# ##...## #.....# #.##
##.... ###..#### ##...## ###.#
#.... ##....######### ##...#
##... #
♣#♣#♣#♣.♣.########....#######..
#
#..............................
#
♣.♣.♣.♣.♣......###########.....


There were no monsters in sight!

Vanquished Creatures
  A dart slug (D:1)
  A ball python (D:1)
  An endoplasm (D:1)
  2 giant cockroaches (D:2)
  5 hobgoblins
  4 jackals (D:1)
  A kobold (D:1)
  2 quokkas
  2 bats (D:1)
  A frilled lizard (D:2)
  A goblin (D:1)
  A rat (D:2)
22 creatures vanquished.

Vanquished Creatures (others)
  A plant (D:1)
1 creature vanquished.

Grand Total: 23 creatures vanquished

Notes
Turn   | Place    | Note
-------+----------+-------------------------------------------
     0 | D:1      | Alarkh the Demonspawn Warper began the quest for the Orb.
     0 | D:1      | Reached XP level 1. HP: 16/16 MP: 3/3
   118 | D:1      | Reached skill level 2 in Long Blades
   397 | D:1      | Gained mutation: You have a small tail. [demonic ancestry]
   397 | D:1      | Reached XP level 2. HP: 22/22 MP: 5/5
   410 | D:1      | Found a faded altar of an unknown god.
   632 | D:1      | Reached skill level 3 in Long Blades
   931 | D:1      | Learned a level 2 spell: Blink
  1044 | D:2      | Gained mutation: You are partially covered in large bone
                  | plates. (SH +4) [demonic ancestry]
  1044 | D:2      | Reached XP level 3. HP: 24/27 MP: 6/6
  1118 | D:$      | Got out of the dungeon alive.

Illustrated notes

Levels and vault maps discovered:
D:1:      dpeg_arrival_arbitrary_a, layout_basic, serial_forest,
          infiniplex_forest_clump_C, infiniplex_forest_corner_1,
          infiniplex_forest_clump_small, infiniplex_forest_lined_room_3,
          infiniplex_forest_pool, infiniplex_forest_clump_large,
          infiniplex_forest_straight_5, shapermc_ecumenical_altar_petra,
          nicolae_kite_square_tiling_tiny
D:2:      minmay_evil_eye, layout_basic, basic_altar

Skill      XL: |  1  2 |
---------------+-------+-----
Long Blades    | 2 3 |  3.2
Fighting       | |  2.0
Throwing       | |  0.8
Armour         | |  0.8
Dodging        | |  1.7
Spellcasting   | |  2.0
Translocations | |  2.6

Action                     || total
---------------------------++-------
  Melee: Falchion          ||    63
         Tailslap          ||     5
   Cast: Blink             ||     1
   Stab: Sleeping          ||     1
 Armour: Leather armour    ||    39
  Dodge: Dodged            ||    43
